Map: Prion Terraces

Players

解惑者

  • Race: Zerg Zerg
  • League: Diamond

ILLBdA - Winner!

  • Race: Protoss Protoss
  • League: Diamond

VOD

Have the link to the VOD?

Description

Time

  • Played on: Dec. 31, 2015, 5:46 a.m.
  • Length: 4:09
Show
View Real Time Build Order
Export as new Build Order

解惑者 Zerg 

Build Orders: Hatch First 

Get SALT Encoding   

  12  0:02  Drone  
  13  0:09  Drone  
  14  0:15  Extractor  
  14  0:16  Drone  
  15  0:22  Overlord  
  15  0:41  Drone x2  
  17  0:45  Drone  
  18  1:00  Hatchery  
  18  1:02  Drone  
  18  1:06  Drone  
  19  1:12  Extractor  
  18  1:28  Spawning Pool  
  17  2:15  Zergling x8  
  21  2:19  Queen  
  21  2:20  Queen  
  25  2:23  Zergling x2  
  25  2:24  Spine Crawler  
  25  2:27  Zergling x2  
  26  2:36  Spine Crawler  
  14  2:52  Zergling x2  
  14  2:53  Zergling x4  
  18  3:05  Roach Warren  
  14  3:07  Zergling x2  
  13  3:20  Zergling x2  
Show
View Real Time Build Order
Export as new Build Order

ILLBdA Protoss - Winner!

Build Orders:  

Get SALT Encoding   

  12  0:01  Probe (Chrono Boost)  
  13  0:12  Probe (Chrono Boost)  
  14  0:22  Probe (Chrono Boost)  
  15  0:38  Pylon  
  15  0:57  Gateway  
  15  0:58  Gateway  
  15  1:01  Gateway  
  15  1:07  Gateway  
  15  1:15  Pylon  
  19  1:47  Zealot (Chrono Boost)  
  19  1:48  Zealot (Chrono Boost)  
  19  1:50  Zealot (Chrono Boost)  
  21  1:54  Zealot (Chrono Boost)  
  23  2:15  Zealot (Chrono Boost)  
  29  2:16  Zealot (Chrono Boost)  
  29  2:18  Zealot (Chrono Boost)  
  29  2:19  Pylon  
  29  2:36  Zealot (Chrono Boost)  
  31  2:42  Zealot (Chrono Boost)  
  31  2:46  Zealot (Chrono Boost)  
  27  2:58  Zealot (Chrono Boost)  
  29  3:00  Zealot (Chrono Boost)  
  31  3:10  Zealot (Chrono Boost)  
  33  3:19  Zealot (Chrono Boost)  
  31  3:25  Zealot (Chrono Boost)  
Tags
 
Matchup
PvZ
Replay Pack
me
Add a new tag
Caveats
  • Supply blocks, unpowered buildings, or Contaminate may cause inaccurate times.
  • Supply counts are checked every 10 seconds.